 Dungeon Crawl Stone Soup version bcrawl-1.35.1 (webtiles) character file.

Game seed: 2721396967538639824

200295 Slalomlom the Cudgeler (level 4, -3/51 HPs)
             Began as an Ent Monk on Dec 26, 2021.
             Slain by an ogre
             ... wielding a +0 giant spiked club
              (15 damage)
             ... on level 2 of the Dungeon.
             The game lasted 00:05:42 (1235 turns).

Slalomlom the Cudgeler (Ent Monk)                   Turns: 1235, Time: 00:05:42

Health: -3/51      AC: 12    Str: 19    XL:     4   Next: 81%
Magic:  0/5        EV: 11    Int: 11    God:
Gold:   44         SH:  0    Dex: 12    Spells: 3/3 levels left

rFire    . . .     SeeInvis .   a - +1 mace
rCold    . . .     Gourm    .   (no shield)
rNeg     + + +     Faith    .   (armour unavailable)
rPois    +         Spirit   +   b - +1 hat
rElec    .         Reflect  .   (no cloak)
rCorr    .                      (gloves unavailable)
MR       .....                  (boots unavailable)
Stlth    ++........             c - amulet of guardian spirit
HPRegen  0.17/turn              (no ring)
MPRegen  0.09/turn              (no ring)

@: starving, very slow
A: large, slow actions, passwall, strong branches, negative energy resistance 3,
poison resistance, slow metabolism 1, torment resistance, unbreathing, AC +11
a: Passwall


You were on level 2 of the Dungeon.
You were starving.

You visited 1 branch of the dungeon, and saw 3 of its levels.

You collected 44 gold pieces.

Inventory:

Hand Weapons
 a - a +1 mace (weapon)
Missiles
 j - 270 stones (quivered)
Armour
 b - a +1 hat (worn)
Jewellery
 c - an amulet of guardian spirit (around neck)
Scrolls
 d - 2 scrolls of remove curse
 f - 2 scrolls of teleportation {unknown}
 h - a scroll of enchant armour
 i - a scroll of identify
Potions
 g - a potion of berserk rage {unknown}
 k - a potion of curing {unknown}
Comestibles
 e - 4 rations {!d}


   Skills:
 + Level 4.0 Fighting
 + Level 5.2 Maces & Flails
 + Level 3.4 Dodging
 + Level 3.0 Stealth
   Level 2.4 Invocations


You had 3 spell levels left.
You didn't know any spells.
Your spell library was empty.

Dungeon Overview and Level Annotations

Branches:
Dungeon (3/12)

Altars:


Innate Abilities, Weirdness & Mutations

You move and act slowly.
You can pass through walls and trees.
Your branches can wield two-handed weapons with a shield.
Your thick bark is tough. (AC +11)
You are too large for most types of armour.
You are immune to negative energy. (rN+++)
Your system is resistant to poisons. (rPois)
You have a slow metabolism.
You are immune to unholy pain and torment.
You can survive without breathing.


Message History

The ogre is lightly wounded.
The ogre closely misses you.
You are starving!
You hit the ogre.
The ogre is lightly wounded.
The ogre hits you with a +0 giant spiked club!!
You hit the ogre.
The ogre is moderately wounded.
The ogre hits you with a +0 giant spiked club!!
* * * LOW HITPOINT WARNING * * *
The ogre closely misses you. The ogre closely misses you.
There is a stone staircase leading up here.
You can't go down here!
The ogre closely misses you.
A rune on the stairs sparks and fizzles.
You climb upwards.
There is a stone staircase leading down here.
The ogre hits you with a +0 giant spiked club!
You die...

# ### ...
..# ###
..#######
........#
##O.#####.#
#@O.# #.###
#
#.....#..#
#...# ..
#..... ..#
###.# .#
###### ###
#.# ###.#
## #.#
..#.# ...
###.###
<...##.#
#.....#
....#.#
####.###.#
.....# .
#....# #.#


You could see 2 ogres.

Vanquished Creatures
  A hound (D:3)
  A worker ant (D:2)
  An ooze (D:2)
  2 worms (D:2)
  A dart slug (D:1)
  9 leopard geckos
  An orc (D:2)
  A giant cockroach (D:2)
  6 goblins
  5 hobgoblins
  6 kobolds
  A ball python (D:1)
  2 bats
  12 frilled lizards
  3 rats
52 creatures vanquished.

Notes
Turn   | Place    | Note
-------+----------+-------------------------------------------
     0 | D:1      | Slalomlom the Ent Monk began the quest for the Orb.
     0 | D:1      | Reached XP level 1. HP: 25/25 MP: 2/2
   183 | D:1      | Reached XP level 2. HP: 33/33 MP: 3/3
   198 | D:1      | Reached skill level 4 in Maces & Flails
   390 | D:1      | Reached XP level 3. HP: 42/42 MP: 4/4
   623 | D:2      | Reached XP level 4. HP: 38/51 MP: 2/5
   701 | D:2      | Noticed an ogre
   957 | D:2      | Reached skill level 5 in Maces & Flails
  1219 | D:3      | Noticed an ogre
  1235 | D:2      | Slain by an ogre

Skill      XL: |  1  2  3  4 |
---------------+-------------+-----
Maces & Flails | 4 5 |  5.2
Dodging        | 3 |  3.4
Stealth        | 3 |  3.0
Fighting       | 4 |  4.0
Invocations    | |  2.4

Action                   |  1- 3 |  4- 6 || total
-------------------------+-------+-------++-------
Melee: Mace              |   109 |    75 ||   184
  Use: Scroll            |     1 |     2 ||     3
 Stab: Sleeping          |     2 |     1 ||     3
  Eat: Ration            |       |     1 ||     1
Armor: Skin              |    76 |    45 ||   121
Dodge: Dodged            |    88 |    57 ||   145
